cohdb
Replays
Latest Replays
All Replays
Popular Replays
Top Player Replays
Match Explorer
How It Works
Community
CoH3 Stats
Reddit
Sign in to upload your games and track your stats! →
Sign in with Steam
Match 40753936
Unlisted
Match 40753936
Overview
Messages
Build Orders
End
Scout Squad
Construct Weapon Support Center
Selects Heavy Weapons
M1919 Machine Gun Team
Engineer Squad
Sniper
Mechanized Support Center
Selects Assault Carriers
M3 Assault Carrier
Bazooka Squad
Construct Medical Station
M1919 Machine Gun Team
Selects M2HB .50cal Heavy Machine Gun
M1919 Machine Gun Team
Construct Tank Depot
Engineer Squad
M4A1 Sherman Medium Tank
Bazooka Squad
Selects Exchangeable Parts
Selects M26 Pershing Heavy Tank
M26 Pershing Heavy Tank
Construct Barracks
Riflemen Squad
M1918 Browning Automatic Rifles
Riflemen Squad
Grenade Package
Selects Rapid Reposition
Selects Black Dragon Artillery Barrage
Improvised Armor
Black Dragon Artillery Barrage
Engineer Squad
M4A1 Sherman Medium Tank
Rapid Repairs
Salvage Crew
Scout Squad
Black Dragon Artillery Barrage
只愛❤毛妹
True Xavier
0
0
Comments
sign in to comment!
No comments posted yet!